 Dungeon Crawl Stone Soup version 0.31-a0-232-gb1c03b2570 (webtiles) character file.

Game seed: 16107650415563013066

161 qw the Shooter (level 5, 0/30 HPs)
             Began as a Gargoyle Hexslinger on July 7, 2023.
             Slain by an orc priest
             ... wielding a +0 club
              (5 damage)
             ... on level 3 of the Dungeon.
             The game lasted 00:00:48 (1611 turns).

qw the Shooter (Gargoyle Hexslinger)                Turns: 1611, Time: 00:00:49

Health: 0/30       AC:  8    Str: 11      XL:     5   Next: 42%
Magic:  6/6        EV: 11    Int: 14      God:
Gold:   166        SH:  0    Dex: 12 (14) Spells: 5/6 levels left

rFire   . . .        Y - +1 sling (elec)
rCold   . . .        (no shield)
rNeg    + . .        d - +0 leather armour
rPois   inf          (no helmet)
rElec   +            e - +0 cloak
rCorr   .            (no gloves)
SInv    .            (no boots)
Will    .....        (no amulet)
Stlth   +            (no ring)
HPRegen 0.25/turn    (no ring)
MPRegen 0.10/turn

%: no passive effects
@: no status effects
A: sickness immunity, AC +4, negative energy resistance 1, electricity
resistance, torment resistance 1, petrification resistance
a: no special abilities


You were on level 3 of the Dungeon.
You visited 1 branch of the dungeon, and saw 3 of its levels.

You collected 166 gold pieces.


Innate Abilities, Weirdness & Mutations

You are immune to sickness and miasma.
Your stone body is resilient. (AC +4)
You are immune to poison.
You resist negative energy. (rN+)
You are resistant to electric shocks. (rElec)
You are resistant to unholy torment.
You are immune to petrification.


   Skills:
 + Level 2.0 Fighting
 - Level 5.2 Ranged Weapons
 - Level 1.5 Dodging
 - Level 1.0 Spellcasting
 - Level 2.6 Hexes


You had 5 spell levels left.
You knew the following spells:

 Your Spells              Type           Power      Damage    Failure   Level
a - Slow                  Hex            32%        N/A       12%         1

Your spell library contained the following spells:

 Spells                   Type           Power      Damage    Failure   Level
 Inner Flame              Hex/Fire       4%         N/A       52%         3
 Portal Projectile        Hex/Tloc       8%         N/A       52%         3
 Cause Fear               Hex            4%         N/A       75%         4

Inventory:

Hand Weapons
 Y - a +1 sling of electrocution (weapon)
Armour
 c - a +0 helmet
 d - a +0 leather armour (worn)
 e - a +0 cloak (worn)
 i - a +0 ring mail
Scrolls
 h - 2 scrolls of identify
Potions
 a - 2 potions of heal wounds {unknown}
 b - a potion of invisibility {unknown}
 f - a potion of might {unknown}
 g - a potion of resistance {unknown}
 k - a potion of lignification {unknown}

Dungeon Overview and Level Annotations

Branches:
Dungeon (3/15)

Altars:
Elyvilon
Kikubaaqudgha


Message History

Enter note:
Enter note: You shoot a sling bullet.
The sling bullet hits the orc priest but does no damage.
The orc priest shouts!
You hear a shout! x2
The orc priest calls down the wrath of Beogh upon you.
Pain shoots through your body!
You hear a shout!
You shoot a sling bullet.
The sling bullet closely misses the orc priest.
You shoot a sling bullet. The sling bullet hits the orc priest.
Lightning courses through the orc priest!!
You kill the orc priest!
An orc priest comes into view. It is wielding a +0 club.
Your Ranged Weapons skill increases to level 5!
You shoot a sling bullet.
The sling bullet closely misses the orc priest.
An orc comes into view. It is wielding a +0 whip.
1606 ||| FLEEEEING.
You shoot a sling bullet. The sling bullet hits the orc.
The orc is moderately wounded.
The orc priest calls down the wrath of Beogh upon you.
Beogh smites you!
You shoot a sling bullet. The sling bullet hits the orc.
Lightning courses through the orc!
You kill the orc!
An orc wizard comes into view. It is wielding a +0 dagger.
You shoot a sling bullet. The sling bullet hits the orc priest!
The orc priest is heavily wounded.
The orc priest mumbles some strange prayers to Beogh against you.
Beogh smites you!
You shoot a sling bullet.
The sling bullet closely misses the orc priest.
The sling bullet hits the orc wizard.
The orc wizard is lightly wounded.
You shoot a sling bullet. The sling bullet hits the orc priest.
The orc priest is severely wounded.
The orc priest hits you with a +0 club.
You die...

##### ##...# #.. ....
#.# ).. #.### #######.#
#... ......#o#### #..#
#...o...# #..# #..#@##.#
#..# #..#.##.#.# ####..#
#...........
......#######..#.##.#.#.
...........##..#......
#####.#...............#
##).........########
##.##.##.###.#
#.....##.....#


You could see an orc priest and an orc wizard.

Vanquished Creatures
  An orc priest (D:3)
  Jessica (D:3)
  Robin (D:3)
  2 adders
  A worm (D:1)
  2 dart slugs
  An orc (D:3)
  3 ball pythons
  6 bats
  4 endoplasms
  10 goblins
  9 hobgoblins
  6 jackals (D:1)
  4 kobolds
  A quokka (D:1)
  7 frilled lizards
  7 rats
66 creatures vanquished.

Notes
Turn   | Place    | Note
-------+----------+-------------------------------------------
     0 | D:1      | qw the Gargoyle Hexslinger began the quest for the Orb.
     0 | D:1      | Reached XP level 1. HP: 12/12 MP: 2/2
     0 | D:1      | 0 ||| qw: Version: 0.3-a-46-gb1f654a
     0 | D:1      | 0 ||| qw: Game counter: 2976
     0 | D:1      | 0 ||| qw: Melee chars always use a shield: true
     0 | D:1      | 0 ||| qw: God list: Okawaru
     0 | D:1      | 0 ||| qw: Allow faded altars: false
     0 | D:1      | 0 ||| qw: Do Orc after clearing Dungeon:15 true
     0 | D:1      | 0 ||| qw: Do second Lair branch before Depths: true
     0 | D:1      | 0 ||| qw: Lair rune preference: random
     0 | D:1      | 0 ||| qw: Goals: Normal
     0 | D:1      | 0 ||| PLANNING D:1-11
    48 | D:1      | Reached XP level 2. HP: 16/16 MP: 3/3
    52 | D:1      | 52 ||| FLEEEEING.
    53 | D:1      | 53 ||| FLEEEEING.
    54 | D:1      | 54 ||| FLEEEEING.
    55 | D:1      | 55 ||| FLEEEEING.
    56 | D:1      | 56 ||| FLEEEEING.
    57 | D:1      | 57 ||| FLEEEEING.
    58 | D:1      | 58 ||| FLEEEEING.
    59 | D:1      | 59 ||| FLEEEEING.
    60 | D:1      | 60 ||| FLEEEEING.
    61 | D:1      | 61 ||| FLEEEEING.
    62 | D:1      | 62 ||| FLEEEEING.
    63 | D:1      | 63 ||| FLEEEEING.
    64 | D:1      | 64 ||| FLEEEEING.
    65 | D:1      | 65 ||| FLEEEEING.
    74 | D:1      | Reached skill level 3 in Ranged Weapons
   406 | D:1      | Reached XP level 3. HP: 19/21 MP: 4/4
   786 | D:1      | 786 ||| UPGRADING to +0 cloak.
   791 | D:1      | 791 ||| DROPPING amulet of magic regeneration.
   792 | D:1      | 792 ||| READING scroll labelled MIASECK XICO.
   793 | D:1      | 793 ||| READING scroll labelled SUCKATWO LICVOA.
   794 | D:1      | 794 ||| READING scroll labelled MESORE UMPUO.
   795 | D:1      | 795 ||| READING scroll labelled DIOGHE BIRHUWECU.
   799 | D:1      | 799 ||| DRINKING 2 fuming dark potions.
   800 | D:1      | 800 ||| DROPPING scroll of poison.
   801 | D:1      | 801 ||| DROPPING potion of degeneration.
   835 | D:2      | 835 ||| STAIRDANCE
   897 | D:2      | Found a white marble altar of Elyvilon.
  1138 | D:2      | Reached XP level 4. HP: 26/26 MP: 5/5
  1297 | D:2      | 1297 ||| UPGRADING to +0 leather armour.
  1307 | D:2      | 1307 ||| DROPPING +0 robe.
  1308 | D:2      | 1308 ||| DROPPING ring of wizardry.
  1309 | D:2      | 1309 ||| READING scroll labelled KUSUNW PAHEGH.
  1359 | D:3      | Reached skill level 4 in Ranged Weapons
  1373 | D:3      | Noticed Robin
  1378 | D:3      | Killed Robin
  1476 | D:3      | Found an ancient bone altar of Kikubaaqudgha.
  1478 | D:3      | Noticed Jessica
  1480 | D:3      | Killed Jessica
  1481 | D:3      | Reached XP level 5. HP: 30/30 MP: 6/6
  1605 | D:3      | Reached skill level 5 in Ranged Weapons
  1606 | D:3      | 1606 ||| FLEEEEING.
  1609 | D:3      | HP: 4/30 [orc priest/divine providence (14)]
  1611 | D:3      | Slain by an orc priest

Levels and vault maps discovered:
D:1:      lemuel_arrival_behind_the_door_large, layout_loops_ring
D:2:      layout_rooms, basic_altar
D:3:      layout_loops_ring, mainiacjoe_overflow_brackets, uniq_jessica,
          uniq_robin

Skill      XL: |  1  2  3  4  5 |
---------------+----------------+-----
Ranged Weapons | 3 4 5 |  5.2
Fighting       | 2 |  2.0
Dodging        | |  1.5
Spellcasting   | |  1.0
Hexes          | |  2.6

Action                     |  1- 3 |  4- 6 || total
---------------------------+-------+-------++-------
   Fire: Sling             |   116 |    61 ||   177
    Use: Scroll            |     4 |     1 ||     5
         Potion            |     1 |       ||     1
 Armour: Robe              |    21 |       ||    21
         Leather armour    |       |     8 ||     8
  Dodge: Dodged            |    49 |     9 ||    58

Table legend:
 A = Non-vault XP
 B = Vault XP
 C = Vault XP percentage of total XP
 D = Non-vault monster count
 E = Vault monster count
 F = Vault count percentage of total count
                 A         B        C        D         E       F
            +---------+---------+-------+---------+---------+-------
      Total |     158 |      72 |  31.3 |      54 |      12 |  18.2
            +---------+---------+-------+---------+---------+-------
        D:1 |      54 |       0 |   0.0 |      31 |       0 |   0.0
        D:2 |      34 |       0 |   0.0 |      13 |       0 |   0.0
        D:3 |      70 |      72 |  50.7 |      10 |      12 |  54.5
            +---------+---------+-------+---------+---------+-------
